 Dungeon Crawl Stone Soup version 0.14.0-12-g87ee3b7 (webtiles) character file.

310 Ragg the Skirmisher (level 5, -2/34 HPs)
             Began as a Gargoyle Fighter on Apr 16, 2014.
             Slain by an ogre
             ... wielding a +0,+0 giant club
              (14 damage)
             ... on Level 3 of the Dungeon.
             The game lasted 00:04:55 (1814 turns).

Ragg the Skirmisher (Gargoyle Fighter)              Turns: 1814, Time: 00:04:55

HP  -2/34        AC 12     Str 19      XL: 5   Next: 22%
MP   5/5         EV  6     Int 10      God:
Gold 170         SH 18     Dex  9      Spells:  0 memorised,  4 levels left

rFire  . . .     SeeInvis .     a - +0 flail
rCold  . . .     Clarity  .     b - +0 scale mail
rNeg   + . .     Conserve .     c - +0 shield
rPois  +         rCorr    .     (no helmet)
rElec  +         rRot     +     (no cloak)
SustAb . .       Spirit   .     n - +0 pair of gloves
rMut   .         Warding  .     (no boots)
Saprov . . .     Stasis   .     (no amulet)
MR     .....                    (no ring)
                                (no ring)

@: not resistant to hostile enchantments, extremely unstealthy
A: life protection 1, electricity resistance, unbreathing, petrification
resistance, AC +4
a: no special abilities


You were on level 3 of the Dungeon.
You were not hungry.

You visited 1 branch of the dungeon, and saw 3 of its levels.

You collected 170 gold pieces.

Inventory:

Hand weapons
 a - a +0,+0 flail (weapon)
Missiles
 g - 92 stones (quivered)
 p - 10 poisoned needles
Armour
 b - a +0 scale mail (worn)
 c - a +0 shield (worn)
 n - a +0 pair of gloves (worn)
Comestibles
 d - 4 bread rations
 t - a choko
Scrolls
 f - a scroll of fear {unknown}
 h - 8 scrolls of identify
 i - 3 scrolls of teleportation {unknown}
 l - 2 scrolls of amnesia {unknown}
 o - 3 scrolls of remove curse
 q - a scroll of blinking {unknown}
 r - a scroll of immolation {unknown}
 s - a scroll of magic mapping {unknown}
 u - a scroll of fog {unknown}
 v - a scroll of noise {unknown}
Jewellery
 j - an uncursed amulet of stasis
 w - an uncursed amulet of rage {unknown}
Potions
 e - a potion of might
 k - 4 potions of curing
 m - a potion of invisibility


   Skills:
 + Level 4.3 Fighting
 + Level 3.2 Maces & Flails
 + Level 4.1 Armour
 + Level 4.3 Shields


You had 4 spell levels left.
You didn't know any spells.

Dungeon Overview and Level Annotations

Branches:
Dungeon (3/15)

Altars:
Fedhas
Trog


Innate Abilities, Weirdness & Mutations

You are resistant to torment.
You are immune to poison.
You are immune to rotting.
Your stone body is very resilient (AC +4).
You resist negative energy.
You are resistant to electric shocks.
You can survive without breathing.
You are immune to petrification.


Message History

As you read the scroll of identify, it crumbles to dust.
m - a potion of invisibility
v - a scroll labeled YCAN ETUNGIXETT A giant cockroach comes into view.
You block the giant cockroach's attack.
You closely miss the giant cockroach.
The giant cockroach bites you but does no damage.
The giant cockroach barely misses you.
You hit the giant cockroach but do no damage.
The giant cockroach bites you but does no damage.
An ogre comes into view. It is wielding a giant club.
You hit the giant cockroach.
You kill the giant cockroach!
You see here a dented cameo amulet.
The ogre hits you with a giant club!
Ouch! That really hurt!
You see here a dented cameo amulet.
w - a dented cameo amulet The ogre hits you with a giant club!
You die...

..# #.##.#####.###
..###.##.........#
.................#
..###.##.........#
..# #.##.........#
..# #.##.#####..##
..###.# .#####..####
...................#
..###.# .#####..@..#
>...... .. #..O..#
.####.# . #.....#
.### #.....# .......
#.....# ........
#.....# .........
.....## ..(.......
......#
..................#


You could see an ogre.

Vanquished Creatures
  An orc wizard (D:3)
  A hound skeleton (D:3)
  3 adders
  A giant mite (D:3)
  A worm (D:3)
  2 oozes
  2 orcs (D:3)
  6 bats
  5 goblins
  3 hobgoblins
  3 giant cockroaches
  A giant gecko (D:1)
  4 giant newts
  10 jackals
  7 kobolds
  11 rats
61 creatures vanquished.

Notes
Turn   | Place    | Note
--------------------------------------------------------------
     0 | D:1      | Ragg, the Gargoyle Fighter, began the quest for the Orb.
     0 | D:1      | Reached XP level 1. HP: 14/14 MP: 1/1
   376 | D:1      | Reached XP level 2. HP: 8/19 MP: 2/2
   730 | D:2      | Reached XP level 3. HP: 22/24 MP: 3/3
   917 | D:2      | Found a bloodstained altar of Trog.
  1128 | D:2      | Reached skill level 4 in Fighting
  1140 | D:2      | Reached XP level 4. HP: 26/29 MP: 4/4
  1459 | D:3      | Found a blossoming altar of Fedhas.
  1630 | D:3      | Reached XP level 5. HP: 22/34 MP: 5/5
  1808 | D:3      | Noticed an ogre
  1814 | D:3      | Slain by an ogre

Action                   |  1- 3 |  4- 6 || total
-------------------------+-------+-------++-------
Melee: Flail             |   134 |   102 ||   236
  Use: Scroll            |     2 |     2 ||     4
